 Dungeon Crawl Stone Soup version 0.31-a0-358-gac0dbeb3ab (webtiles) character file.

Game seed: 12423375949998305251

574 freelancePsychic the Cutter (level 7, -3/42 HPs)
             Began as a Deep Elf Fighter on July 25, 2023.
             Was an Initiate of Jiyva.
             Shot with an arrow by a centaur (5 damage)
             ... on level 6 of the Dungeon.
             The game lasted 00:07:39 (3999 turns).

freelancePsychic the Cutter (Deep Elf Fighter)      Turns: 3999, Time: 00:07:39

Health: -3/42      AC:  6    Str: 13    XL:     7   Next: 12%
Magic:  11/11      EV:  9    Int: 13    God:    Jiyva [......]
Gold:   127        SH:  6    Dex: 16    Spells: 6/9 levels left

rFire   . . .        a - +1 dagger (venom)
rCold   . . .        c - +1 buckler
rNeg    . . .        e - +0 ring mail
rPois   .            (no helmet)
rElec   .            (no cloak)
rCorr   .            l - +0 pair of gloves
SInv    .            (no boots)
Will    .....        (no amulet)
Stlth   +            (no ring)
HPRegen 0.27/turn    (no ring)
MPRegen 0.12/turn

%: no passive effects
@: silenced
A: no striking features
a: Renounce Religion


You were on level 6 of the Dungeon.
You worshipped Jiyva.
Jiyva was noncommittal.
You visited 1 branch of the dungeon, and saw 6 of its levels.
You also visited: Sewer.

You collected 127 gold pieces.

Inventory:

Hand Weapons
 a - a +1 dagger of venom (weapon)
 b - a +2 short sword of electrocution
 o - a +1 rapier of protection
Missiles
 j - 2 throwing nets
Armour
 c - a +1 buckler (worn)
 e - a +0 ring mail (worn)
 l - a +0 pair of gloves (worn)
Jewellery
 h - a ring of flight
Talismans
 f - a storm talisman
Wands
 m - a wand of flame (42)
Scrolls
 s - a scroll of identify {@r1}
 v - a scroll of brand weapon
Potions
 d - 3 potions of might
 g - a potion of degeneration {unknown}
 i - 2 potions of magic {unknown}
 k - a potion of enlightenment {unknown}
 n - 3 potions of haste {unknown}
 p - a potion of attraction {unknown}
 q - a potion of mutation {unknown}
 r - 3 potions of resistance {unknown}
 t - a potion of heal wounds {unknown}
 u - a potion of cancellation {unknown}
 x - a potion of berserk rage {unknown}


   Skills:
 + Level 3.9 Fighting
 - Level 5.0 Short Blades
 - Level 1.8 Ranged Weapons
 - Level 2.4 Armour
 - Level 4.1 Stealth
 - Level 2.4 Shields
 + Level 1.5 Spellcasting
 + Level 1.2 Transmutations
 + Level 1.3 Fire Magic
 + Level 1.2 Poison Magic


You had 6 spell levels left.
You knew the following spells:

 Your Spells              Type           Power      Damage    Failure   Level
c - Ignite Poison         Fire/Tmut/Pois 4%         N/A       80%         3

Your spell library contained the following spells:

 Spells                   Type           Power      Damage    Failure   Level
 Sticky Flame             Conj/Fire      2%         2d3       99%         4
 Ignition                 Fire           2%         3d3       100%        8


Dungeon Overview and Level Annotations

Branches:
Dungeon (6/15)              Sewer (visited)
 Temple: D:4-7

Altars:

Shops:
D:2 [((=!   D:3 ?   D:6 (


Message History

You hit the gnoll.
The gnoll looks as sick as possible!
The gnoll is almost dead.
You kill the gnoll!
Things that are here:
a +0 whip; a gnoll corpse You start resting.
HP restored.
There is a stone staircase leading up here.
You swap places.
You hear a slurping noise.
You hear a distant slurping noise.
There is a stone staircase leading up here.
You climb upwards.
The gnoll shouts!
The centaur unwields a +0 shortbow.
You block the centaur's attack. The centaur barely misses you.
The gnoll hits you with a +0 flail.
The gnoll sergeant hits you with a +0 spear!
There is a stone staircase leading down here.
You block the gnoll's attack. The gnoll sergeant barely misses you.
The centaur barely misses you.
The centaur kicks you but does no damage.
You climb downwards.
There is a stone staircase leading up here.
As you read the scroll labelled FIADWAVEMY, it crumbles to dust.
A profound silence engulfs you.
It was a scroll of silence.
You block the centaur's attack.
The centaur kicks you but does no damage.
You block the gnoll's attack.
The gnoll sergeant hits you with a +0 spear.
The gnoll sergeant hits you from afar with a +0 spear!
The centaur closely misses you. The centaur completely misses you.
The gnoll attacks as you move away! The gnoll completely misses you.
The centaur wields a +0 shortbow.
The centaur shoots an arrow.
The arrow hits you. The gnoll sergeant misses you.
The centaur shoots an arrow.
The arrow hits you!
* * * LOW HITPOINT WARNING * * *
The gnoll sergeant hits you from afar with a +0 spear.
* * * LOW HITPOINT WARNING * * *
The centaur shoots an arrow.
The arrow hits you.
You die...

# # ###### .....# ####.##
#########
#..###########.......#########
##..........##.......##.......
###........##..g.<.^##.......
#.........@..c....##.......
#...#######.g.....##.......
#...#.....#.......##.......
#...#.∩.>.#.......#........
#...#.....#................
#...#######......#.........
####..................#.......
#.............................
#........#...........#####....


You could see a gnoll sergeant, a centaur and a gnoll.

Vanquished Creatures
  A bullfrog (D:6)
  2 hounds (D:4)
  2 orc priests (D:4)
  3 jellies (Sewer)
  Jessica (D:3)
  2 orc wizards (D:3)
  Robin (D:3)
  4 adders
  2 gnolls (D:6)
  4 river rats
  A shadow imp (D:6)
  A worm (Sewer)
  5 dart slugs
  9 orcs
  8 ball pythons
  11 endoplasms
  7 giant cockroaches
  15 goblins
  8 hobgoblins
  5 kobolds
  A quokka (D:4)
  7 bats
  8 frilled lizards
  12 rats
120 creatures vanquished.

Notes
Turn   | Place    | Note
-------+----------+-------------------------------------------
     0 | D:1      | freelancePsychic the Deep Elf Fighter began the quest for
                  | the Orb.
     0 | D:1      | Reached XP level 1. HP: 13/13 MP: 3/3
   182 | D:1      | Found a faded altar of an unknown god.
   485 | D:1      | Reached skill level 1 in Stealth
   485 | D:1      | Reached XP level 2. HP: 18/18 MP: 4/4
   858 | D:2      | Found Orixiock's Weapon Boutique.
   869 | D:2      | Found Ecaod's Jewellery Shoppe.
   939 | D:2      | Reached skill level 1 in Ranged Weapons
   941 | D:2      | Found Kinasod's Distillery.
  1055 | D:2      | Reached XP level 3. HP: 22/22 MP: 5/5
  1221 | D:2      | Found Nilir's Armour Emporium.
  1304 | D:2      | Found Miocaul's Antique Weapon Boutique.
  1539 | D:3      | Reached XP level 4. HP: 22/27 MP: 6/6
  1543 | D:3      | Reached skill level 3 in Short Blades
  1646 | D:3      | Found Xasan Riaw's Magic Scroll Shoppe.
  1707 | D:3      | Noticed Robin
  1748 | D:3      | Killed Robin
  2124 | D:3      | Noticed Jessica
  2137 | D:3      | Killed Jessica
  2138 | D:3      | Reached XP level 5. HP: 32/32 MP: 7/7
  2588 | D:4      | Reached skill level 4 in Short Blades
  2716 | D:4      | Reached XP level 6. HP: 37/37 MP: 8/8
  2935 | D:4      | You fall into a shaft and drop 2 floors!
  3120 | D:6      | Learned a level 3 spell: Ignite Poison
  3140 | D:6      | Found Wogylah's Weapon Boutique.
  3262 | D:6      | Found a glowing drain.
  3267 | Sewer    | Entered a sewer
  3582 | Sewer    | Reached skill level 5 in Short Blades
  3593 | Sewer    | Reached skill level 1 in Spellcasting
  3598 | Sewer    | Found a viscous altar of Jiyva.
  3606 | Sewer    | Reached skill level 1 in Fire Magic
  3608 | Sewer    | Reached XP level 7. HP: 33/42 MP: 10/10
  3656 | Sewer    | Reached skill level 1 in Poison Magic
  3664 | Sewer    | Reached skill level 1 in Transmutations
  3751 | Sewer    | Became a worshipper of Jiyva Jomiots the Shapeless
  3920 | D:5      | Entered Level 5 of the Dungeon
  3998 | D:6      | HP: 2/42 [gnoll sergeant/+0 spear (2)]
  3999 | D:6      | Shot with an arrow by a centaur

Illustrated notes

Levels and vault maps discovered:
D:1:      minmay_arrival_semitransparent, layout_basic,
          shapermc_ecumenical_altar_mp_ritualfount, nrook_uturn
D:2:      layout_basic, serial_shops, nicolae_shop_advertising_works
          [nicolae_subvault_shop_adworks], shop, shop, shop_fountains,
          shop_statue
D:3:      layout_loops_ring, serial_shops, shop, uniq_jessica, uniq_robin
D:4:      layout_cave_pools, minmay_temple_entry_fiery
D:5:      layout_rooms, mainiacjoe_overflow_chevrons, serial_shops, shop,
          gammafunk_ghost_gnarly_gnolls, nicolae_shop_clearance
D:6:      layout_rooms, portal_sewer_entry_e, nicolae_take_the_stairs

Skill      XL: |  1  2  3  4  5  6  7 |
---------------+----------------------+-----
Stealth        | 1 2 3 4 |  4.1
Ranged Weapons | 1 |  1.8
Short Blades   | 3 4 5 |  5.0
Fighting       | 3 |  3.9
Spellcasting   | 1 |  1.5
Fire Magic     | 1 |  1.3
Poison Magic   | 1 |  1.2
Transmutations | 1 |  1.2
Armour         | |  2.4
Shields        | |  2.4

Action                     |  1- 3 |  4- 6 |  7- 9 || total
---------------------------+-------+-------+-------++-------
  Melee: Rapier            |   116 |    76 |       ||   192
         Dagger            |       |   197 |    23 ||   220
  Evoke: Wand              |       |     8 |     1 ||     9
    Use: Scroll            |     3 |     4 |     1 ||     8
         Potion            |       |     1 |       ||     1
   Stab: Sleeping          |     1 |     2 |       ||     3
 Armour: Ring mail         |    53 |   112 |     6 ||   171
         Scale mail        |     2 |       |       ||     2
  Dodge: Dodged            |    46 |   109 |    13 ||   168
  Block: Buckler           |    25 |    57 |    12 ||    94

Table legend: (Time is in decaauts)
 A = Elapsed time spent in this place.
 B = Non-inter-level travel time spent in this place.
 C = Inter-level travel time spent in this place.
 D = Time resting spent in this place.
 E = Time spent auto-exploring this place.
 F = Levels seen in this place.
 G = Mean time per level.
                   A        B        C        D        E       F      G
               +--------+--------+--------+--------+--------+-----+--------+
         Total |   4011 |   3922 |     89 |     72 |   2781 |   7 |  573.0 |
       Dungeon |   3503 |   3414 |     89 |     72 |   2470 |   6 |  583.8 |
         Sewer |    508 |    508 |      0 |      0 |    311 |   1 |  508.0 |
               +--------+--------+--------+--------+--------+-----+--------+

Top non-repeatable levels by time:
     D:3: 943 daAuts
     D:1: 846 daAuts
     D:2: 664 daAuts
     D:6: 548 daAuts
   Sewer: 508 daAuts
     D:4: 488 daAuts
     D:5: 11 daAuts
